 Dungeon Crawl Stone Soup version 0.19.5 (webtiles) character file.

75 Drleta the Shield-Bearer (level 4, -5/42 HPs)
             Began as a Deep Dwarf Fighter on Apr 4, 2017.
             Slain by Goboxel's ghost (8 damage)
             ... on level 3 of the Dungeon.
             The game lasted 00:17:01 (3020 turns).

Drleta the Shield-Bearer (Deep Dwarf Fighter)       Turns: 3020, Time: 00:17:01

Health: -5/42      AC: 10    Str: 25    XL:     4   Next: 11%
Magic:  4/4        EV:  6    Int:  9    God:
Gold:   124        SH: 10    Dex: 12    Spells: 0 memorised, 3 levels left

rFire  . . .     SeeInvis .     a - +0 war axe
rCold  . . .     Gourm    .     h - +0 chain mail
rNeg   . . .     Faith    .     c - +0 shield
rPois  .         Spirit   .     k - +0 helmet
rElec  .         Reflect  .     (no cloak)
rCorr  .         Harm     .     (no gloves)
MR     +....                    (no boots)
Stlth  ..........               (no amulet)
                                (no ring)
                                m - ring of protection from magic

@: mighty, starving, non-regenerating
A: damage resistance, recharge devices, sense surroundings 1, slow regeneration
3
a: Device Recharging


You were on level 3 of the Dungeon.
You were starving.

You visited 1 branch of the dungeon, and saw 3 of its levels.

You collected 124 gold pieces.

Inventory:

Hand Weapons
 a - a +0 war axe (weapon)
Missiles
 f - 22 bolts
Armour
 b - a +0 scale mail
 c - a +0 shield (worn)
 h - a +0 chain mail (worn)
 k - a +0 helmet (worn)
 n - a +2 cloak
Jewellery
 m - a ring of protection from magic (left hand)
Wands
 e - a wand of heal wounds (5/9)
Scrolls
 g - 3 scrolls of teleportation
Potions
 i - a potion of magic
 j - a potion of heal wounds {unknown}


   Skills:
 + Level 3.0 Fighting
 + Level 3.2 Axes
 + Level 3.6 Armour
 + Level 0.2 Dodging
 * Level 1.8 Stealth
 + Level 3.8 Shields


You had 3 spell levels left.
You didn't know any spells.

Dungeon Overview and Level Annotations

Branches:
Dungeon (3/15)

Altars:
Hepliaklqana
Kikubaaqudgha
Ru
Xom

Annotations:
D:3 Goboxel's ghost, amateur DsGl


Innate Abilities, Weirdness & Mutations

You are resistant to damage.
You can recharge devices by infusing magical energy.
You passively map a small area around you.
You do not regenerate.


Message History

You are too hungry to fight recklessly!
You closely miss Goboxel's ghost. You block Goboxel's ghost's attack.
You are too hungry to fight recklessly!
You closely miss Goboxel's ghost. Goboxel's ghost hits you!
* * * LOW HITPOINT WARNING * * *
Goboxel's ghost hits you but does no damage.
Your shield prevents you from hitting Goboxel's ghost.
You are no longer poisoned.
Goboxel's ghost says, "Try not to bleed too much."
Goboxel's ghost hits you.
* * * LOW HITPOINT WARNING * * *
You hit Goboxel's ghost.
Goboxel's ghost is lightly damaged.
Goboxel's ghost hits you.
Goboxel's ghost mumbles, "They all look like pillowcases to me..."
You block Goboxel's ghost's attack.
You barely miss Goboxel's ghost.
Goboxel's ghost is lightly damaged.
Goboxel's ghost hits you!
You die...

#* # #.#
#...............# ,..
#.# #.......#######.
,,...
#.#######.......# #. ,
....#...hS..S.......#
#. ,
,....########.###.####
#. .......#####.###.#
#. .......#.........#
.......#)..#########**
* *
#......'†.SW@.......
#......#†..#...#...# *
#......#............
#......#####...#...#
#...... .........
#...... ,#########
######## ##'####, , ,
#....... #. , #.......
#.......


You could see Goboxel's ghost and an adder.

Vanquished Creatures
  An adder (D:3)
  3 dart slugs
  A leopard gecko (D:3)
  5 orcs (D:3)
  3 giant cockroaches
  7 goblins
  6 hobgoblins
  3 jackals (D:3)
  2 quokkas
  A ball python (D:1)
  6 bats
  4 frilled lizards
  2 kobolds (D:1)
  7 rats
51 creatures vanquished.

Notes
Turn   | Place    | Note
-------+----------+-------------------------------------------
     0 | D:1      | Drleta the Deep Dwarf Fighter began the quest for the Orb.
     0 | D:1      | Reached XP level 1. HP: 20/20 MP: 1/1
   103 | D:1      | Reached XP level 2. HP: 27/27 MP: 2/2
   175 | D:1      | Reached skill level 1 in Stealth
   865 | D:2      | Reached XP level 3. HP: 24/33 MP: 3/3
   970 | D:2      | Found a shimmering altar of Xom.
   972 | D:2      | Found a hazy altar of Hepliaklqana.
   973 | D:2      | Noticed a spectral ugly thing
  2545 | D:3      | Found a sacrificial altar of Ru.
  2545 | D:3      | Found an ancient bone altar of Kikubaaqudgha.
  2948 | D:3      | Reached XP level 4. HP: 24/42 MP: 4/4
  2955 | D:3      | Found a faded altar of an unknown god.
  2994 | D:3      | Noticed Goboxel's ghost (amateur DsGl)
  3020 | D:3      | Slain by Goboxel's ghost

Skill      XL: |  1  2  3 |
---------------+----------+-----
Stealth        | 1 |  1.8
Fighting       | 3 |  3.0
Axes           | 3 |  3.2
Armour         | |  3.6
Dodging        | |  0.2
Shields        | |  3.8

Action                   |  1- 3 |  4- 6 || total
-------------------------+-------+-------++-------
Melee: War axe           |   158 |    29 ||   187
  Use: Scroll            |     6 |       ||     6
       Potion            |     2 |     2 ||     4
  Eat: Bread ration      |     1 |       ||     1
Armor: Scale mail        |    22 |       ||    22
       Chain mail        |    70 |    61 ||   131
Dodge: Dodged            |    46 |    19 ||    65
Block: Shield            |    97 |    53 ||   150
